 Dungeon Crawl Stone Soup version 0.19-a0-559-ga3d69d0 (webtiles) character file.

584037 Kidiri the Sorcerer (level 26, -2/153 (154) HPs)
             Began as a Deep Elf Fire Elementalist on June 8, 2016.
             Was the Champion of Vehumet.
             Killed by divine providence
             ... invoked by a mummy priest
              (16 damage)
             ... on level 2 of the Tomb of the Ancients.
             The game lasted 06:53:42 (101737 turns).

Kidiri the Sorcerer (Deep Elf Fire Elementalist)  Turns: 101737, Time: 06:53:43

HP:   -2/153 (154)  AC: 14    Str:  6      XL:     26   Next: 2%
MP:   53/53         EV: 22    Int: 39 (40) God:    Vehumet [******]
Gold: 5201          SH: 19    Dex: 26      Spells: 16 memorised, 3 levels left

rFire  + + +     SeeInvis .     x - +9 dagger (freeze)
rCold  x x .     Gourm    .     t - +0 robe {rN+}
rNeg   + + .     Faith    .     m - +3 buckler "Rotuwnomn" {Dex+5}
rPois  +         Spirit   .     G - +2 hat
rElec  .         Dismiss  .     h - +2 cloak {+Inv}
rCorr  .         Reflect  +     R - +2 pair of gloves
SustAt .         Harm     .     L - +0 pair of boots of Love and Death {Int+4 Slay+4}
MR     ++...     Clarity  +     d - brooch of Shielding {Reflect SH+8}
Stlth  ++........               j - ring "Ymesaded" {Fragile rPois rF+ Str+3 Int+3}
                                y - ring of Wisdom {rN+ Dex+4}

@: immune to fire clouds, very slightly contaminated, hasted, delayed fireball,
studying Earth Magic, very quick, very resistant to hostile enchantments,
unstealthy
A: antennae 2, beak, talons 1, molten scales 1, agile 1, berserk 2, blink,
clarity, deterioration 1, regeneration 1, weak 1
a: Blink, Renounce Religion, Release Delayed Fireball, Evoke Invisibility
}: 3/15 runes: serpentine, barnacled, silver


You were on level 2 of the Tomb of the Ancients.
You worshipped Vehumet.
Vehumet was exalted by your worship.
You were not hungry.

You visited 11 branches of the dungeon, and saw 51 of its levels.
You also visited: Labyrinth.

You collected 7676 gold pieces.
You spent 2475 gold pieces at shops.

Inventory:

Hand Weapons
 x - a +9 dagger of freezing (weapon)
Armour
 h - a +2 cloak of invisibility (worn)
 m - the +3 buckler "Rotuwnomn" (worn) {Dex+5}
   (You found it on level 15 of the Dungeon)

   It affects your dexterity (+5).
 r - a +0 storm dragon armour
 t - a +0 robe of positive energy (worn)
 A - a +1 mottled dragon armour
 G - a +2 hat (worn)
 L - the +0 pair of boots of Love and Death (worn) {Int+4 Slay+4}
   (You found it on level 1 of the Vaults)

   It affects your intelligence (+4).
   It affects your accuracy and damage with ranged weapons and melee attacks
   (+4).
 R - a +2 pair of gloves (worn)
Jewellery
 a - an uncursed ring of sustain attributes
 d - the brooch of Shielding (around neck) {Reflect SH+8}
   (You took it off a deep elf sorcerer on level 3 of the Elven Halls)

   [amulet of reflection]

   It shields you and reflects attacks.
   It affects your SH (+8).
 j - the ring "Ymesaded" (right hand) {Fragile rPois rF+ Str+3 Int+3}
   (You found it in a labyrinth)

   [ring of intelligence]

   It affects your strength (+3).
   It affects your intelligence (+3).
   It protects you from fire.
   It protects you from poison.
   It will be destroyed if unequipped.
 y - the ring of Wisdom (left hand) {rN+ Dex+4}
   (You found it on level 3 of the Crypt)

   [ring of positive energy]

   It affects your dexterity (+4).
   It protects you from negative energy.
 N - an uncursed ring of magical power
Wands
 D - a wand of polymorph (13/24)
 U - a wand of teleportation (2/9)
Scrolls
 e - 6 scrolls of fog
 i - 3 scrolls of identify
 k - 13 scrolls of teleportation
 o - 11 scrolls of fear
 p - a scroll of summoning
 v - 2 scrolls of enchant weapon
 H - a scroll of holy word
 I - a scroll of silence
 K - 3 scrolls of amnesia
 O - 4 scrolls of magic mapping
 P - 11 scrolls of recharging
 Q - 23 scrolls of remove curse
 W - a scroll of blinking
Potions
 f - 5 potions of flight
 g - 5 potions of might
 l - 5 potions of resistance
 n - 7 potions of cancellation
 s - 7 potions of ambrosia
 w - 5 potions of brilliance
 z - 4 potions of haste
 B - 3 potions of cure mutation
 J - 3 potions of berserk rage
 M - 2 potions of invisibility
 S - 7 potions of curing
 X - 2 potions of agility
Books
 b - a book of the Tempests

   Spells                             Type                      Level
   a - Static Discharge               Conjuration/Air              3
   b - Lightning Bolt                 Conjuration/Air              5
   c - Fireball                       Conjuration/Fire             5
   d - Tornado                        Air                          9
   e - Shatter                        Earth                        9
 q - a manual of Earth Magic
 u - a book of the Earth

   Spells                             Type                      Level
   a - Leda's Liquefaction            Hexes/Earth                  4
   b - Bolt of Magma                  Conjuration/Fire/Earth       5
   c - Statue Form                    Transmutation/Earth          6
   d - Iron Shot                      Conjuration/Earth            6
   e - Shatter                        Earth                        9
 C - a book of Fire

   Spells                             Type                      Level
   a - Ignite Poison                  Fire/Transmutation/Poison    3
   b - Fireball                       Conjuration/Fire             5
   c - Bolt of Fire                   Conjuration/Fire             6
   d - Delayed Fireball               Conjuration/Fire             7
   e - Ring of Flames                 Charms/Fire                  7
Comestibles
 c - 30 bread rations
 T - 7 meat rations


   Skills:
 + Level 12.7 Fighting
 - Level 10.0 Short Blades
 - Level 10.2 Armour
 - Level 10.0 Dodging
 - Level 2.4 Stealth
 - Level 10.0 Shields
 * Level 24.6 Spellcasting
 * Level 20.9 Conjurations
 + Level 20.6 Fire Magic
 * Level 18.6 Air Magic
 + Level 12.9 Earth Magic
 - Level 10.0 Evocations


You had 3 spell levels left.
You knew the following spells:

 Your Spells              Type           Power        Failure   Level  Hunger
a - Flame Tongue          Conj/Fire      #####        0%          1    None
b - Throw Flame           Conj/Fire      ######       0%          2    None
c - Conjure Flame         Conj/Fire      ########     0%          3    None
d - Inner Flame           Hex/Fire       ########     1%          3    None
e - Sticky Flame          Conj/Fire      ########     0%          4    None
f - Fireball              Conj/Fire      ########..   0%          5    None
g - Bolt of Magma         Conj/Fire/Erth ########..   0%          5    None
h - Bolt of Fire          Conj/Fire      ########..   1%          6    None
i - Delayed Fireball      Conj/Fire      N/A          1%          7    None
j - Ring of Flames        Chrm/Fire      ########..   8%          7    None
k - Fire Storm            Conj/Fire      ########..   2%          9    ##.....
l - Repel Missiles        Chrm/Air       ######       0%          2    None
m - Swiftness             Chrm/Air       #######.     0%          2    None
n - Lightning Bolt        Conj/Air       ########..   0%          5    None
o - Tornado               Air            ########..   4%          9    ##.....
p - Bolt of Cold          Conj/Ice       #######...   1%          6    None


Dungeon Overview and Level Annotations

Branches:
Dungeon (15/15)            Temple (1/1) D:4            Lair (8/8) D:11
 Shoals (4/4) Lair:5        Snake (4/4) Lair:4        Slime (0/6) Lair:7
    Orc (2/2) D:10            Elf (3/3) Orc:2        Vaults (5/5) D:13
  Crypt (3/3) Vaults:3       Tomb (2/3) Crypt:3      Depths (4/5) D:15

Altars:
Ashenzari
Cheibriados
Dithmenos
Elyvilon
Fedhas
Gozag
Hepliaklqana
Kikubaaqudgha
Makhleb
Nemelex Xobeh
Okawaru
Pakellas
Qazlal
Ru
Sif Muna
Trog
Uskayaw
Vehumet
Xom
Yredelemnul
Zin
The Shining One
Jiyva

Shops:
D:6 **?   D:7 =(*([   Orc:2 *[*[   Shoals:3 }   Vaults:1 (*   Vaults:3 :
Vaults:4 }

Portals:
Hell: Depths:1 Depths:2 Depths:3
Abyss: Depths:3
Pandemonium: Depths:1 Depths:3
Ziggurat: Depths:3
Trove: Elf:2 (give +2 storm dragon armour)

Annotations:
Tomb:2 Boris, Mara


Innate Abilities, Weirdness & Mutations

You are immune to clouds of flame.
You have a pair of antennae on your head.
You have a beak for a mouth.
You have sharp toenails.
You are partially covered in molten scales. (AC +1)
You are agile. (Dex +2)
You often lose your temper in combat.
You can translocate small distances at will.
You possess an exceptional clarity of mind.
Your body sometimes deteriorates upon taking damage.
Your natural rate of healing is unusually fast.
You are weak. (Str -2)


Message History

Okay, then.
Unknown command.
You feel yourself speed up.
Mara blinks!
The ancient lich gestures at you while chanting.
The bolt of fire misses you.
The bolt of fire hits the necrophage.
The necrophage is destroyed!
The necrophage's corpse disappears in a puff of smoke!
The greater mummy is engulfed in roaring flames.
The greater mummy calls on the powers of darkness!
Your body is wracked with pain!
* * * LOW HITPOINT WARNING * * *
You are very lightly contaminated with residual magic.
A mummy comes into view.
The winds around you calm down.
The orb of destruction hits the phantasmal warrior.
The phantasmal warrior is blown up!
You hear a distant blaring wail to the west.
The mummy priest invokes the aid of its god against you.
Something smites you!
You die...

.................
..................
...Z....#M..#.....
n..W..............
......3...........
.....M2...........
..n.Z......M......
....L..§§{§.......
......1§§.@.......
.§....§§M§§.......
§..........MM.....
§......§....M.....
.§.....§.Mz......)
...§§§§.Z...|.....
........#...#.....
.........M.R.....


You could see 3 greater mummies, Mara, an ancient lich, a Tzitzimitl, a reaper,
2 mummy priests, a guardian mummy, a spectral alligator, a hungry ghost, a chaos
spawn, 2 mummies, a wight, a fire giant zombie and a quicksilver dragon
skeleton.

Vanquished Creatures
  3 greater mummies (Tomb:1)
  Boris (Depths:3)
  Sojobo (Depths:3)
  Norris (Vaults:1)
  Vashnia (Snake:2)
  Nikola (Vaults:1)
  A golden dragon (Vaults:5)
  Jory (Depths:3)
  2 profane servitors (Crypt:3)
  Xtahua (Vaults:2)
  A bone dragon (Crypt:3)
  Jorgrun (Shoals:2)
  6 liches
  3 tentacled monstrosities
  3 deep elf blademasters
  4 titans
  A deep elf master archer (Elf:3)
  A quicksilver dragon (Vaults:5)
  Frances (Elf:1)
  8 ancient champions
  Agnes (Snake:4)
  6 sphinxes
  A storm dragon (shapeshifter) (Vaults:1)
  6 tengu reavers
  A kraken (Shoals:3)
  Roxanne (Shoals:1)
  2 storm dragons (Depths:3)
  5 revenants
  8 greater nagas (Snake:4)
  Ilsuiw (Shoals:4)
  Wiglaf (Vaults:5)
  A daeva (Depths:2)
  8 fire giants
  8 deep elf sorcerers
  An orc warlord (Orc:2)
  15 vault wardens
  Louise (Elf:3)
  3 deep elf elementalists
  3 iron dragons (Vaults:5)
  Aizul (Shoals:2)
  8 frost giants
  9 curse skulls
  20 ghouls
  2 balrugs
  The ghost of tstbtto the Severer, a journeyman MiBe of Trog (Lair:8)
  21 ironheart preservers
  2 spriggan defenders (Depths:3)
  A caustic shrike skeleton (Crypt:2)
  17 very ugly things
  17 stone giants
  A war gargoyle (Vaults:5)
  4 vampire knights
  5 deep elf demonologists
  6 spark wasps
  11 deep elf annihilators
  5 dire elephants (Lair:8)
  13 deep elf death magi
  Snorg (D:13)
  16 eidola
  7 ettins
  7 merfolk javelineers
  Josephine (Snake:1)
  8 merfolk impalers
  5 fire dragons
  8 mummy priests
  A minotaur (Lab)
  7 great orbs of eyes
  10 yaktaur captains
  8 deep elf high priests
  7 jiangshi
  3 entropy weavers
  6 ice dragons
  37 vault guards
  19 naga warriors
  A rakshasa (Depths:3)
  2 spriggan air magi
  11 hydras
  A hell beast (Depths:2)
  9 centaur warriors
  2 merfolk avatars (Shoals:4)
  2 catoblepae
  9 ogre magi
  A death yak (shapeshifter) (Vaults:1)
  8 death knights
  6 anacondas
  4 merfolk aquamancers (Shoals:4)
  5 death yaks (Lair:5)
  2 satyrs
  22 dancing weapons
  2 deep troll shamans
  3 alligator snapping turtles
  6 tengu warriors
  5 deep troll earth magi
  18 naga sharpshooters
  6 shock serpents
  3 orc high priests
  A titan zombie (Crypt:3)
  A spriggan berserker (Depths:3)
  8 vampire magi
  Urug (D:14)
  2 small abominations (Vaults:5)
  A sun demon (Depths:1)
  A soul eater (Crypt:2)
  A hell knight (Depths:3)
  A storm dragon zombie (Crypt:3)
  18 deep elf knights
  An iron troll (Depths:1)
  A death drake (shapeshifter) (Vaults:3)
  An anaconda zombie (Crypt:3)
  2 golden dragon zombies
  The ghost of ololoev the Thaumaturge, a novice DEFE of Sif Muna (D:9)
  5 death scarabs (Tomb:2)
  5 shadow wraiths
  40 skeletal warriors
  5 unseen horrors
  6 sea snakes
  A storm dragon skeleton (Crypt:1)
  2 ghost moth zombies
  3 giant orange brains
  15 deep trolls
  A deep troll (shapeshifter) (Vaults:1)
  11 flayed ghosts
  22 deep elf archers
  7 hill giants
  An obsidian statue (Vaults:2)
  8 naga ritualists
  18 orc knights
  An anaconda skeleton (Crypt:1)
  24 ironbrand convokers
  4 anubis guards (Tomb:1)
  2 lindwurms (Lair:7)
  A shadow dragon zombie (Crypt:3)
  6 necromancers
  11 harpies
  4 hornets
  24 phantasmal warriors
  5 wolf spiders
  8 wizards
  An orb spider (shapeshifter) (Vaults:2)
  A hornet (shapeshifter) (Vaults:3)
  14 griffons
  2 wolf spider zombies
  A frost giant zombie (Crypt:1)
  2 salamanders (shapeshifter)
  9 orc sorcerers
  54 ugly things
  12 manticores
  8 mana vipers
  A shining eye (Depths:3)
  11 salamanders
  5 cyclopes
  82 deep elf magi
  6 fauns
  19 elephants
  A human skeleton (Vaults:3)
  3 dire elephant zombies
  2 oklob plants
  A stone giant skeleton (Tomb:1)
  4 rust devils
  16 vault sentinels
  44 black mambas
  33 naga magi
  3 sirens
  5 water nymphs
  3 gargoyles
  5 guardian serpents
  A storm dragon simulacrum (Vaults:3)
  13 spiny frogs
  2 centaur skeletons
  An elephant slug zombie (Crypt:1)
  A kobold demonologist (Vaults:3)
  A rime drake (Lair:5)
  A spriggan skeleton (Depths:1)
  21 freezing wraiths
  2 efreet
  8 komodo dragons
  A yaktaur skeleton (Depths:1)
  37 yaktaurs
  2 ice devils
  3 red devils
  2 catoblepas skeletons
  9 guardian mummies
  A queen bee (D:8)
  8 trolls
  4 tengu conjurers
  8 jumping spiders
  32 merfolk
  2 polar bears
  21 two-headed ogres
  A hydra zombie (Crypt:3)
  A meliai (shapeshifter) (Depths:1)
  4 wind drakes
  A wind drake (shapeshifter) (Vaults:4)
  12 blink frogs
  14 ushabtiu
  A meliai zombie (D:14)
  43 slime creatures
  2 fire giant simulacra (Vaults:3)
  2 ettin zombies
  Prince Ribbit (D:5)
  An ice dragon zombie (Crypt:3)
  2 bog bodies (Crypt:3)
  9 boulder beetles
  14 snapping turtles
  A snapping turtle (shapeshifter) (Vaults:5)
  A fire dragon zombie (Crypt:3)
  2 stone giant simulacra
  17 flying skulls
  Sigmund (D:4)
  A vampire (D:14)
  16 redbacks
  A spriggan (shapeshifter) (Vaults:2)
  5 air elementals
  A tarantella (Depths:3)
  A tarantella (shapeshifter) (Vaults:4)
  An ice dragon skeleton (Tomb:1)
  2 yaks (shapeshifter)
  20 water elementals
  2 fire elementals (Elf:2)
  2 fire dragon skeletons (Crypt:3)
  6 shadows
  A giant leech zombie (Crypt:1)
  18 wraiths
  4 wyverns
  27 yaks
  A human (shapeshifter) (Depths:3)
  6 basilisks
  2 golden eyes (shapeshifter)
  A steam dragon (Lair:8)
  A neqoxec (Depths:3)
  15 hippogriffs
  5 hungry ghosts
  4 fire bats (D:15)
  An emperor scorpion simulacrum (Crypt:1)
  A chaos spawn (Depths:3)
  2 mottled dragons
  53 nagas
  20 vampire mosquitoes
  5 wargs
  A mottled dragon (shapeshifter) (Depths:1)
  A soldier ant (shapeshifter) (Vaults:1)
  A deep troll zombie (Vaults:3)
  2 soldier ants
  23 water moccasins
  2 tengu skeletons (Depths:1)
  Duvessa (D:5)
  A giant eyeball (shapeshifter) (D:15)
  11 porcupines
  2 wasps
  40 orc warriors
  An eye of draining (Depths:3)
  4 phantoms
  5 sky beasts
  An eye of draining (shapeshifter) (Vaults:2)
  2 ice beasts
  2 black bears
  A spiny frog skeleton (Tomb:1)
  A snapping turtle zombie (Crypt:3)
  9 centaurs
  17 necrophages
  6 wolves
  A swamp dragon skeleton (Crypt:2)
  10 boggarts
  42 ogres
  A snapping turtle skeleton (Crypt:1)
  18 crocodiles
  An elf zombie (Crypt:1)
  A rime drake skeleton (Crypt:2)
  2 big kobolds
  5 earth elementals
  13 giant frogs
  2 wyvern zombies (D:14)
  Dowan (D:5)
  4 scorpions
  10 wyvern skeletons
  4 troll zombies (D:10)
  An elf simulacrum (Vaults:1)
  25 killer bees
  A hippogriff skeleton (Crypt:2)
  17 wights
  4 electric eels
  3 howler monkeys
  7 crimson imps
  2 quasits (D:11)
  8 centaur zombies
  4 giant frog zombies
  7 hounds
  28 orc priests
  2 giant frog skeletons
  8 jellies
  30 orc wizards
  A gnoll shaman (D:6)
  Natasha (D:2)
  12 iguanas
  9 worker ants
  24 sheep
  A sky beast zombie (Crypt:1)
  2 ogre zombies (D:10)
  A hound zombie (D:10)
  An ogre skeleton (Tomb:2)
  2 hound skeletons
  25 mummies
  A worker ant zombie (D:10)
  Robin (D:2)
  20 adders
  10 gnolls
  A howler monkey skeleton (D:7)
  75 river rats
  7 shadow imps
  A swamp drake skeleton (Crypt:2)
  17 oozes
  A lava snake zombie (Crypt:2)
  An adder skeleton (D:5)
  5 worms
  3 dart slugs
  10 giant geckos
  104 orcs
  7 bats
  4 giant cockroaches
  15 goblins
  11 hobgoblins
  6 jackals
  3 quokkas
  7 ball pythons
  A giant gecko skeleton (D:4)
  A giant gecko zombie (Crypt:1)
  A giant newt (shapeshifter) (Vaults:5)
  4 giant newts
  2 goblin skeletons (D:10)
  4 goblin zombies
  A hobgoblin skeleton (Crypt:1)
  A jackal zombie (D:5)
  14 kobolds
  5 orc skeletons (D:10)
  10 orc zombies
  7 rats
  3 crawling corpses (Vaults:5)
  3 fire vortices (Vaults:5)
  3 fungi
  5 lost souls
  18 plants
  5 withered plants
2576 creatures vanquished.

Vanquished Creatures (collateral kills)
  A ghoul (Crypt:3)
  2 vault guards (Vaults:5)
3 creatures vanquished.

Vanquished Creatures (others)
  4 death scarabs (Tomb:1)
  An ironbrand convoker (Vaults:5)
  2 vault sentinels (Vaults:5)
  4 yaktaurs
  5 flying skulls (Tomb:1)
  A water moccasin (Lair:5)
  An ogre (Depths:3)
  An orc wizard (D:5)
  A giant cockroach (D:3)
  A bush (Lair:7)
  13 fire vortices
  12 fungi
  6 lost souls (Crypt:3)
  20 plants
  11 toadstools (Lair:7)
  35 withered plants
118 creatures vanquished.

Grand Total: 2697 creatures vanquished

Notes
Turn   | Place    | Note
--------------------------------------------------------------
     0 | D:1      | Kidiri the Deep Elf Fire Elementalist began the quest for the Orb.
     0 | D:1      | Reached XP level 1. HP: 10/10 MP: 6/6
   197 | D:1      | Reached XP level 2. HP: 11/15 MP: 0/8
   201 | D:1      | Learned a level 2 spell: Throw Flame
  1095 | D:1      | Reached XP level 3. HP: 19/19 MP: 7/10
  1100 | D:1      | Learned a level 3 spell: Conjure Flame
  1109 | D:1      | Learned a level 3 spell: Inner Flame
  1295 | D:2      | Reached skill level 4 in Spellcasting
  1351 | D:2      | Noticed Robin
  1581 | D:2      | Reached XP level 4. HP: 15/24 MP: 0/12
  1671 | D:2      | Killed Robin
  2225 | D:2      | Noticed Natasha
  2230 | D:2      | Killed Natasha
  2230 | D:2      | Reached XP level 5. HP: 28/28 MP: 8/14
  2236 | D:2      | Learned a level 4 spell: Sticky Flame
  2886 | D:3      | Found a white marble altar of Elyvilon.
  2886 | D:3      | Found a hazy altar of Hepliaklqana.
  2887 | D:3      | Found a bloodstained altar of Trog.
  2901 | D:3      | Reached skill level 5 in Spellcasting
  3227 | D:4      | Found a staircase to the Ecumenical Temple.
  3236 | Temple   | Entered the Ecumenical Temple
  3493 | Temple   | Became a worshipper of Vehumet
  4130 | D:4      | Noticed Sigmund
  4133 | D:4      | Reached XP level 6. HP: 14/32 MP: 3/16
  4204 | D:4      | Killed Sigmund
  4204 | D:4      | Reached skill level 6 in Spellcasting
  4204 | D:4      | Reached skill level 5 in Fire Magic
  4857 | D:5      | Entered Level 5 of the Dungeon
  4863 | D:5      | Noticed Prince Ribbit
  4892 | D:5      | Reached XP level 7. HP: 26/36 MP: 0/18
  5169 | D:4      | Reached skill level 5 in Conjurations
  5280 | D:5      | Learned a level 5 spell: Fireball
  5376 | D:5      | Gained mutation: You are covered in fur. (AC +1) [potion of mutation]
  5376 | D:5      | Gained mutation: Your natural rate of healing is unusually fast. [potion of mutation]
  5411 | D:5      | Killed Prince Ribbit
  5738 | D:5      | Identified a scroll of acquirement
  5768 | D:5      | Reached skill level 1 in Shields
  5980 | D:5      | Reached skill level 1 in Short Blades
  5980 | D:5      | Reached skill level 1 in Armour
  6126 | D:5      | Noticed Duvessa
  6126 | D:5      | Noticed Dowan
  6141 | D:5      | Killed Duvessa
  6141 | D:5      | Reached skill level 1 in Fighting
  6147 | D:5      | Killed Dowan
  6147 | D:5      | Reached skill level 7 in Spellcasting
  6147 | D:5      | Reached skill level 1 in Evocations
  6147 | D:5      | Reached XP level 8. HP: 43/43 MP: 2/20
  6152 | D:5      | Learned a level 3 spell: Static Discharge
  6769 | D:6      | Found Doclin's General Store.
  6778 | D:6      | Bought a scroll of identify for 28 gold pieces
  7120 | D:6      | Found Afi Uf Vow's General Store.
  7128 | D:6      | Bought a scroll of identify for 20 gold pieces
  7160 | D:6      | Reached skill level 1 in Air Magic
  7236 | D:6      | Reached * piety under Vehumet
  7236 | D:6      | Offered knowledge of Magic Dart by Vehumet.
  7500 | D:6      | Found Eteuhol's Magic Scroll Shoppe.
  7515 | D:6      | Bought a scroll of identify for 26 gold pieces
  7515 | D:6      | Bought a scroll of identify for 26 gold pieces
  7515 | D:6      | Bought 3 scrolls of teleportation for 117 gold pieces
  7515 | D:6      | Bought a scroll of enchant weapon for 97 gold pieces
  8049 | D:7      | Found Ocis's Jewellery Shoppe.
  8076 | D:7      | Found Yfy Omet's Antique Weapon Shop.
  8188 | D:7      | Found Xiwniddau's Antique Weapon Shoppe.
  8200 | D:7      | Reached XP level 9. HP: 48/48 MP: 10/22
  8263 | D:7      | Reached skill level 8 in Spellcasting
  8748 | D:7      | Found Woxitoq's Antique Armour Emporium.
  8775 | D:7      | Found Nudul's Assorted Antiques.
  9008 | D:8      | Learned a level 5 spell: Lightning Bolt
  9208 | D:8      | Reached ** piety under Vehumet
  9220 | D:8      | Offered knowledge of Sting by Vehumet.
  9239 | D:8      | Noticed a queen bee
  9445 | D:8      | Killed a queen bee
  9882 | D:8      | Noticed a troll
  9887 | D:8      | Killed a troll
  9887 | D:8      | Reached XP level 10. HP: 54/54 MP: 20/24
 10085 | D:8      | Found an iron altar of Okawaru.
 10087 | D:8      | Found a stormy altar of Qazlal.
 10087 | D:8      | Found a sparkling altar of Nemelex Xobeh.
 10087 | D:8      | Found a snail-covered altar of Cheibriados.
 10087 | D:8      | Found a blossoming altar of Fedhas.
 10422 | D:9      | Reached skill level 9 in Spellcasting
 10438 | D:9      | Noticed ololoev's ghost (novice DEFE)
 10562 | D:8      | Gained mutation: Scrolls take you a little longer to read. [mutagenic meat]
 10563 | D:8      | Gained mutation: You possess an exceptional clarity of mind. [mutagenic meat]
 10615 | D:9      | Offered knowledge of Dazzling Spray by Vehumet.
 10753 | D:9      | Reached *** piety under Vehumet
 11051 | D:9      | Found a basalt altar of Yredelemnul.
 11367 | D:9      | Gained mutation: You are partially covered in icy blue scales. (AC +1) [potion of mutation]
 11367 | D:9      | Lost mutation: You are covered in fur. (AC +1) [potion of mutation]
 11367 | D:9      | Gained mutation: You expend magic power (3 MP) to strengthen your wands. [potion of mutation]
 11424 | D:9      | Found a shimmering altar of Xom.
 11425 | D:9      | Found a shimmering altar of Xom.
 11425 | D:9      | Found a shimmering altar of Xom.
 11432 | D:9      | Found a shimmering altar of Xom.
 11432 | D:9      | Found a shimmering altar of Xom.
 12156 | D:10     | Entered Level 10 of the Dungeon
 12270 | D:9      | Offered knowledge of Stone Arrow by Vehumet.
 12343 | D:10     | Noticed a hill giant
 12344 | D:10     | Found a flagged portal.
 12345 | D:10     | Reached skill level 5 in Dodging
 12535 | D:9      | Killed a hill giant
 12560 | D:10     | Noticed a gargoyle
 12876 | D:10     | Reached **** piety under Vehumet
 12878 | D:10     | Offered knowledge of Bolt of Draining by Vehumet.
 13100 | D:9      | HP: 1/56 [gargoyle/stone arrow (18)]
 13777 | D:10     | Found a staircase to the Orcish Mines.
 13973 | D:10     | Reached XP level 11. HP: 60/60 MP: 17/26
 13981 | D:10     | Learned a level 6 spell: Bolt of Fire
 14139 | D:10     | Noticed a hill giant
 14158 | D:10     | Killed a hill giant
 14245 | D:10     | Gained mutation: You have a pair of small horns on your head. [mutagenic meat]
 14709 | D:11     | Reached skill level 10 in Spellcasting
 14881 | D:11     | Noticed a hill giant
 14893 | D:11     | Killed a hill giant
 15053 | D:11     | Found a staircase to the Lair.
 15570 | D:11     | Reached skill level 5 in Evocations
 15570 | D:11     | Reached ***** piety under Vehumet
 15808 | D:9      | Killed ololoev's ghost
 15808 | D:9      | Offered knowledge of Force Lance by Vehumet.
 16924 | D:11     | Reached skill level 10 in Fire Magic
 17019 | Lair:1   | Entered Level 1 of the Lair of Beasts
 17377 | Lair:1   | Reached XP level 12. HP: 35/66 MP: 2/28
 17711 | Lair:1   | Reached skill level 11 in Spellcasting
 17931 | Lair:1   | Learned a level 2 spell: Repel Missiles
 17934 | Lair:1   | Learned a level 2 spell: Swiftness
 18596 | Lair:2   | Found a labyrinth entrance.
 18611 | Lab      | Entered a labyrinth
 18894 | Lab      | HP: 2/66 [earth elemental (30)]
 18932 | Lab      | Noticed a minotaur
 18937 | Lab      | HP: 3/66 [minotaur (10)]
 18944 | Lab      | Killed a minotaur
 18990 | Lab      | Got a twitching gossamer ring
 18990 | Lab      | Identified the Guide on Ashen Orientation
 19101 | Lair:2   | Identified a +9 rod of clouds (14/14) (You found it in a labyrinth)
 19107 | Lair:2   | Identified the ring "Ymesaded" {Fragile rPois rF+ Str+3 Int+3} (You found it in a labyrinth)
 20291 | Lair:3   | Noticed a seven-headed hydra
 20299 | Lair:3   | Killed a seven-headed hydra
 20553 | Lair:3   | Reached skill level 5 in Short Blades
 20811 | Lair:3   | Got a pair of smoking boots
 20814 | Lair:3   | Identified the cursed +0 pair of boots "Ucharch" {Slay+5} (You found it on level 3 of the Lair of Beasts)
 20874 | Lair:3   | Noticed a catoblepas
 20979 | Lair:3   | Killed a catoblepas
 20979 | Lair:3   | Reached skill level 5 in Air Magic
 21718 | Lair:4   | Noticed a five-headed hydra
 21720 | Lair:4   | Killed a five-headed hydra
 21950 | Lair:4   | Offered knowledge of Freezing Cloud by Vehumet.
 21985 | Lair:4   | Found a staircase to the Snake Pit.
 21997 | Lair:4   | Noticed an eight-headed hydra
 21998 | Lair:4   | Killed an eight-headed hydra
 21998 | Lair:4   | Reached skill level 10 in Conjurations
 23134 | Lair:5   | Reached XP level 13. HP: 72/72 MP: 20/30
 23469 | Lair:5   | Found a staircase to the Shoals.
 23601 | Lair:5   | Reached skill level 12 in Spellcasting
 24203 | Lair:5   | Reached skill level 5 in Shields
 25513 | Lair:6   | Reached skill level 5 in Fighting
 25562 | Lair:6   | Offered knowledge of Bolt of Cold by Vehumet.
 26924 | Lair:7   | Reached skill level 5 in Armour
 27397 | Lair:7   | Reached skill level 13 in Spellcasting
 27397 | Lair:7   | Reached XP level 14. HP: 75/78 MP: 21/33
 27486 | Lair:7   | Learned a level 6 spell: Bolt of Cold
 27497 | Lair:7   | Found a viscous altar of Jiyva.
 27498 | Lair:7   | Found a staircase to the Slime Pits.
 27811 | Lair:7   | Identified the Incunabulum of Shape Shifting and Unholy Arts
 28229 | Lair:8   | Entered Level 8 of the Lair of Beasts
 28542 | Lair:8   | Noticed tstbtto's ghost (journeyman MiBe)
 28547 | Lair:8   | Killed tstbtto's ghost
 28716 | Lair:8   | Offered knowledge of Ozocubu's Refrigeration by Vehumet.
 31143 | D:13     | Noticed Snorg
 31147 | D:13     | Killed Snorg
 31922 | D:13     | Reached skill level 14 in Spellcasting
 32440 | D:13     | Offered knowledge of Conjure Ball Lightning by Vehumet.
 32551 | D:13     | Reached XP level 15. HP: 80/84 MP: 24/35
 32637 | D:13     | Found a gate to the Vaults.
 33185 | Orc:1    | Entered Level 1 of the Orcish Mines
 33458 | Orc:2    | Entered Level 2 of the Orcish Mines
 33902 | Orc:2    | Offered knowledge of Delayed Fireball by Vehumet.
 33911 | Orc:2    | Learned a level 7 spell: Delayed Fireball
 33956 | Orc:2    | Found Ymasoll's Antique Armour Shoppe.
 33956 | Orc:2    | Found Omytonk's Armour Emporium.
 33966 | Orc:2    | Found Keuvommi's Assorted Antiques.
 33966 | Orc:2    | Found Zarais's General Store.
 34136 | Orc:2    | Bought the +0 leather armour of the Armoured One {rPois rF+ rCorr} for 387 gold pieces
 34880 | Orc:2    | Noticed an orc warlord
 34885 | Orc:2    | Killed an orc warlord
 35103 | Orc:2    | Found a staircase to the Elven Halls.
 35767 | D:14     | Noticed Urug
 35769 | D:14     | Killed Urug
 36323 | D:14     | Found a shadowy altar of Dithmenos.
 36993 | D:14     | Offered knowledge of Poisonous Cloud by Vehumet.
 37551 | D:15     | Entered Level 15 of the Dungeon
 37954 | Snake:1  | Entered Level 1 of the Snake Pit
 37995 | Snake:1  | Reached skill level 15 in Spellcasting
 38087 | Snake:1  | Got a bloodstained mace
 38088 | Snake:1  | Identified the +6 mace "Iqiphouh" {crush, rF+ MR+ Int-3} (You found it on level 1 of the Snake Pit)
 38288 | Snake:1  | Noticed Josephine
 38293 | Snake:1  | Killed Josephine
 38994 | Snake:1  | Reached XP level 16. HP: 65/90 MP: 29/37
 39289 | Snake:1  | Found a blossoming altar of Fedhas.
 39731 | Snake:2  | Noticed Vashnia
 39775 | Snake:2  | Killed Vashnia
 40606 | Snake:2  | Reached skill level 10 in Dodging
 41188 | Snake:2  | Reached ****** piety under Vehumet
 41909 | Snake:3  | Gained mutation: Scrolls take you longer to read. [mutagenic meat]
 41911 | Snake:3  | Gained mutation: You are partially covered in rough black scales. (AC +4, Dex -1) [mutagenic meat]
 41967 | Snake:2  | Offered knowledge of Lehudib's Crystal Spear by Vehumet.
 41967 | Snake:2  | Offered knowledge of Shatter by Vehumet.
 41967 | Snake:2  | Offered knowledge of Chain Lightning by Vehumet.
 42010 | Snake:2  | Learned a level 5 spell: Bolt of Magma
 43054 | Snake:4  | Entered Level 4 of the Snake Pit
 43095 | Snake:4  | Noticed Agnes
 43104 | Snake:4  | Killed Agnes
 44246 | Snake:4  | Reached skill level 16 in Spellcasting
 44246 | Snake:4  | Reached skill level 10 in Air Magic
 44248 | Snake:4  | Reached XP level 17. HP: 96/96 MP: 23/39
 44494 | Snake:4  | Reached skill level 10 in Evocations
 44896 | Shoals:1 | Entered Level 1 of the Shoals
 44896 | Shoals:1 | Noticed Roxanne
 44914 | Shoals:1 | HP: 4/96 [snapping turtle (13)]
 45092 | Shoals:1 | Killed Roxanne
 45100 | Shoals:1 | Identified Roxanne's Handbook of Transmutation (You took it off Roxanne on level 1 of the Shoals)
 46178 | Shoals:1 | Got a scorched long sword
 46179 | Shoals:1 | Identified the +1 long sword of Xom's Favour {freeze, MR+ Str-5 SInv Stlth+} (You found it on level 1 of the Shoals)
 46532 | Shoals:2 | Noticed Jorgrun
 46541 | Shoals:2 | Killed Jorgrun
 46542 | Shoals:2 | Noticed Aizul
 46554 | Shoals:2 | Killed Aizul
 46557 | Shoals:2 | HP: 1/96 [griffon (7)]
 46714 | Shoals:2 | Gained mutation: Your magical capacity is low. (-10% MP) [mutagenic meat]
 46715 | Shoals:2 | Lost mutation: You have a pair of small horns on your head. [mutagenic meat]
 46929 | Orc:2    | Bought a +2 helmet of intelligence for 279 gold pieces
 48781 | Shoals:3 | Noticed a kraken
 49080 | Shoals:3 | Killed a kraken
 49209 | Shoals:3 | Found Vaohid's Gadget Shop.
 49217 | Shoals:3 | Bought a wand of teleportation (6/9) for 390 gold pieces
 49989 | Shoals:4 | Entered Level 4 of the Shoals
 50267 | Shoals:4 | Reached skill level 17 in Spellcasting
 50474 | Shoals:4 | Got a barnacled rune of Zot
 50727 | Shoals:4 | Reached skill level 15 in Fire Magic
 50729 | Shoals:4 | Reached XP level 18. HP: 96/103 MP: 27/37
 50892 | Shoals:4 | Identified the Handbook of Shifting Summoning
 50956 | Shoals:4 | Noticed Ilsuiw
 50962 | Shoals:4 | Killed Ilsuiw
 51443 | Shoals:4 | Got a wavering bone ring
 51446 | Shoals:4 | Identified the ring "Dyogy" {rC+ Dex+3 Stlth+} (You found it on level 4 of the Shoals)
 53572 | Snake:4  | Lost mutation: Scrolls take you longer to read. [mutagenic meat]
 53573 | Snake:4  | Gained mutation: You are partially covered in molten scales. (AC +1) [mutagenic meat]
 53574 | Snake:4  | Lost mutation: Scrolls take you a little longer to read. [mutagenic meat]
 54465 | Snake:4  | Got a serpentine rune of Zot
 55655 | D:15     | Got a shimmering buckler
 55666 | D:15     | Identified the +3 buckler "Rotuwnomn" {Dex+5} (You found it on level 15 of the Dungeon)
 56055 | D:15     | Reached skill level 10 in Short Blades
 56256 | D:15     | Gained mutation: Scrolls take you a little longer to read. [mutagenic meat]
 56257 | D:15     | Gained mutation: You have sharp toenails. [mutagenic meat]
 56258 | D:15     | Gained mutation: You have razor-sharp toenails. [mutagenic meat]
 56259 | D:15     | Gained mutation: You occasionally shout uncontrollably at your foes. [mutagenic meat]
 56260 | D:15     | Gained mutation: You tend to lose your temper in combat. [mutagenic meat]
 56555 | D:15     | Found a staircase to the Depths.
 56698 | Elf:1    | Entered Level 1 of the Elven Halls
 56722 | Elf:1    | Found a radiant altar of Vehumet.
 57398 | Elf:1    | Reached skill level 15 in Conjurations
 57554 | Elf:1    | Noticed Frances
 57558 | Elf:1    | Killed Frances
 57558 | Elf:1    | Reached skill level 18 in Spellcasting
 57558 | Elf:1    | Reached XP level 19. HP: 108/108 MP: 21/38
 57909 | Elf:1    | Gained mutation: You often lose your temper in combat. [mutagenic meat]
 57910 | Elf:1    | Lost mutation: You possess an exceptional clarity of mind. [mutagenic meat]
 59090 | Elf:2    | Gained mutation: You are frail. (-10% HP) [mutagenic meat]
 59296 | Elf:2    | Found a portal to a secret trove of treasure.
 59422 | Elf:2    | Found a runed gate.
 59422 | Elf:2    | Found a runed gate.
 59422 | Elf:2    | Found a runed gate.
 59666 | Elf:2    | HP: 3/97 [glaive of protection (20)]
 60869 | Elf:1    | Learned a level 9 spell: Fire Storm
 61095 | Vaults:1 | Entered Level 1 of the Vaults
 61125 | Vaults:1 | Noticed Nikola
 61130 | Vaults:1 | Killed Nikola
 61702 | Vaults:1 | Noticed Norris
 61709 | Vaults:1 | Killed Norris
 61954 | Vaults:1 | Lost mutation: You are frail. (-10% HP) [mutagenic meat]
 61955 | Vaults:1 | Lost mutation: You expend magic power (3 MP) to strengthen your wands. [mutagenic meat]
 62121 | Vaults:1 | Found Wouges's Antique Weapon Boutique.
 62512 | Vaults:1 | Got a pair of ancient boots
 62523 | Vaults:1 | Identified the cursed +0 pair of boots of Love and Death {Int+4 Slay+4} (You found it on level 1 of the Vaults)
 62796 | Vaults:1 | Reached skill level 19 in Spellcasting
 62796 | Vaults:1 | Reached XP level 20. HP: 115/115 MP: 37/40
 63260 | Vaults:1 | Lost mutation: Scrolls take you a little longer to read. [mutagenic meat]
 63261 | Vaults:1 | Lost mutation: You are partially covered in rough black scales. (AC +4, Dex -1) [mutagenic meat]
 63262 | Vaults:1 | Gained mutation: You expend magic power (3 MP) to strengthen your wands. [mutagenic meat]
 63263 | Vaults:1 | Gained mutation: Armour fits poorly on your strangely shaped body. [mutagenic meat]
 63267 | Vaults:1 | Gained mutation: You possess an exceptional clarity of mind. [mutagenic meat]
 63312 | Vaults:1 | Lost mutation: You expend magic power (3 MP) to strengthen your wands. [potion of cure mutation]
 63312 | Vaults:1 | Lost mutation: You are partially covered in icy blue scales. (AC +1) [potion of cure mutation]
 63312 | Vaults:1 | Lost mutation: Your magical capacity is low. (-10% MP) [potion of cure mutation]
 63312 | Vaults:1 | Lost mutation: Armour fits poorly on your strangely shaped body. [potion of cure mutation]
 63927 | Vaults:1 | Gained mutation: Scrolls take you a little longer to read. [mutagenic meat]
 63931 | Vaults:1 | Gained mutation: Your body sometimes deteriorates upon taking damage. [mutagenic meat]
 64052 | Vaults:1 | Found Nasodo's Assorted Antiques.
 64202 | Vaults:1 | Gained mutation: You are agile. (Dex +2) [mutagenic meat]
 64203 | Vaults:1 | Lost mutation: You have razor-sharp toenails. [mutagenic meat]
 64204 | Vaults:1 | Gained mutation: Armour fits poorly on your strangely shaped body. [mutagenic meat]
 64933 | Vaults:2 | Noticed Xtahua
 65560 | Vaults:2 | Gained mutation: You have a pair of small antennae on your head. [mutagenic meat]
 65864 | Vaults:2 | Killed Xtahua
 66042 | Vaults:2 | Lost mutation: Scrolls take you a little longer to read. [mutagenic meat]
 66043 | Vaults:2 | Gained mutation: Your flesh is cold resistant. (rC+) [mutagenic meat]
 67536 | Vaults:3 | Found a staircase to the Crypt.
 68003 | Vaults:3 | Gained mutation: You are weak. (Str -2) [mutagenic meat]
 68146 | Vaults:3 | Gained mutation: You are very weak. (Str -4) [mutagenic meat]
 68150 | Vaults:3 | Lost mutation: Your flesh is cold resistant. (rC+) [mutagenic meat]
 68152 | Vaults:3 | Lost mutation: You occasionally shout uncontrollably at your foes. [mutagenic meat]
 68153 | Vaults:3 | Found Afrar's Book Emporium.
 68831 | Vaults:3 | Gained mutation: You can translocate small distances at will. [mutagenic meat]
 68834 | Vaults:3 | Gained mutation: You have razor-sharp toenails. [mutagenic meat]
 68835 | Vaults:3 | Lost mutation: Armour fits poorly on your strangely shaped body. [mutagenic meat]
 69165 | Vaults:4 | Reached XP level 21. HP: 66/120 MP: 24/46
 69736 | Vaults:4 | Reached skill level 10 in Fighting
 70003 | Vaults:4 | Reached skill level 20 in Spellcasting
 70020 | Vaults:4 | Gained mutation: You have a beak for a mouth. [potion of beneficial mutation]
 70543 | Vaults:4 | Found Alukap's Gadget Emporium.
 71894 | Elf:3    | Entered Level 3 of the Elven Halls
 71926 | Elf:3    | Noticed Louise
 71931 | Elf:3    | Killed Louise
 71979 | Elf:3    | Reached skill level 10 in Armour
 73308 | Elf:3    | Reached XP level 22. HP: 113/127 MP: 21/48
 73917 | Elf:3    | Identified the Handbook of Dislocation and the Rocks
 74178 | Elf:3    | Got a warped buckler
 74189 | Elf:3    | Identified the +2 buckler "Buskoe" {rPois rF++ Regen+ Str-5 Dex+2} (You found it on level 3 of the Elven Halls)
 74189 | Elf:3    | Lost strength.
 74273 | Elf:3    | Gained mutation: You have a pair of antennae on your head. [potion of mutation]
 74952 | Crypt:1  | Entered Level 1 of the Crypt
 75025 | Crypt:1  | Reached skill level 1 in Earth Magic
 75564 | Crypt:1  | Reached skill level 15 in Air Magic
 76366 | Crypt:1  | Reached skill level 21 in Spellcasting
 77099 | Crypt:1  | Reached skill level 10 in Shields
 78232 | Crypt:2  | Reached skill level 5 in Earth Magic
 79379 | Crypt:2  | Learned a level 9 spell: Tornado
 79434 | Crypt:3  | Entered Level 3 of the Crypt
 80065 | Crypt:3  | Reached XP level 23. HP: 132/132 MP: 44/50
 81325 | Crypt:3  | Got a crude platinum amulet
 81325 | Crypt:3  | Got a scintillating bone ring
 81326 | Crypt:3  | Identified the amulet "Gofocod" {rElec Regen+} (You found it on level 3 of the Crypt)
 81327 | Crypt:3  | Identified the ring of Wisdom {rN+ Dex+4} (You found it on level 3 of the Crypt)
 81330 | Crypt:3  | Identified the Volume of Pyromania
 82108 | Crypt:3  | Identified the Guide on Evil
 82111 | Crypt:3  | Got a heavily runed lead ring
 82112 | Crypt:3  | Identified the ring of the Median {+Fly rPois MR+ Int+3} (You found it on level 3 of the Crypt)
 82768 | Crypt:3  | Found a basalt altar of Yredelemnul.
 83110 | Crypt:3  | Reached skill level 22 in Spellcasting
 83906 | Crypt:3  | Found a staircase to the Tomb.
 85280 | Vaults:3 | Lost mutation: You are very weak. (Str -4) [mutagenic meat]
 85441 | Depths:1 | Entered Level 1 of the Depths
 85569 | D:15     | Lost mutation: You have razor-sharp toenails. [mutagenic meat]
 86525 | Depths:1 | Found a one-way gate leading to the halls of Pandemonium.
 86695 | Depths:1 | Found a gateway to Hell.
 86872 | Depths:1 | Reached XP level 24. HP: 53/139 MP: 23/51
 89068 | Depths:2 | Found a glowing golden altar of the Shining One.
 90252 | Depths:3 | Reached skill level 23 in Spellcasting
 90687 | Depths:3 | Noticed Boris
 90702 | Depths:3 | Killed Boris
 90982 | Depths:3 | Noticed Jory
 90987 | Depths:3 | Killed Jory
 90987 | Depths:3 | Reached skill level 10 in Earth Magic
 91641 | Depths:3 | Noticed Sojobo
 91649 | Depths:3 | Killed Sojobo
 91970 | Depths:3 | Found a one-way gate to the infinite horrors of the Abyss.
 92244 | Depths:3 | Found a gateway to a ziggurat.
 93775 | Tomb:1   | Entered Level 1 of the Tomb of the Ancients
 94806 | Tomb:1   | Got a steaming demon whip
 94807 | Tomb:1   | Identified the +8 demon whip of Subjectivity {vamp, rF+ MR+} (You found it on level 1 of the Tomb of the Ancients)
 95180 | Tomb:1   | Reached XP level 25. HP: 146/146 MP: 36/52
 95202 | Tomb:1   | Noticed a greater mummy
 95212 | Tomb:1   | Killed a greater mummy
 96557 | Tomb:1   | Noticed a greater mummy
 96561 | Tomb:1   | Killed a greater mummy
 96886 | Tomb:1   | Noticed a greater mummy
 96891 | Tomb:1   | Killed a greater mummy
 97395 | Vaults:5 | Entered Level 5 of the Vaults
 97395 | Vaults:5 | Noticed Wiglaf
 97399 | Vaults:5 | Reached skill level 24 in Spellcasting
 97401 | Vaults:5 | Killed Wiglaf
 97505 | Vaults:3 | Bought a book of Fire for 1105 gold pieces
 97514 | Vaults:3 | Learned a level 7 spell: Ring of Flames
 97627 | Vaults:5 | HP: 6/147 [deep elf death mage/bolt of negative energy (34)]
 98998 | Vaults:5 | Got a clouded diamond amulet
 99245 | Vaults:5 | Identified Sif Muna's Guide on Stones
 99248 | Vaults:5 | Got a transparent chain mail
 99259 | Vaults:5 | Identified the cursed +0 chain mail of Responsibility {Str+2} (You found it on level 5 of the Vaults)
 99259 | Vaults:5 | Identified the amulet of Xeso Ineri {Reflect rC+ SH+3} (You took it off a deep elf high priest on level 5 of the Vaults)
 99353 | Vaults:5 | Got a heavily runed marble ring
 99358 | Vaults:5 | Identified the Catalogue of Creative Contamination
 99405 | Vaults:5 | Identified the ring of Eveix {MR+ Int+2 Dex-2 Slay+6} (You found it on level 5 of the Vaults)
 99479 | Vaults:5 | Got a distressingly furry ring mail
 99802 | Vaults:5 | Got a silver rune of Zot
 99814 | Vaults:5 | Identified the Handbook of Flight
100463 | Vaults:5 | Identified Sif Muna's Almanac of Bewitchment
101726 | Tomb:2   | Noticed Boris
101729 | Tomb:2   | Noticed a greater mummy
101729 | Tomb:2   | Noticed an ancient lich
101730 | Tomb:2   | Reached XP level 26. HP: 94/154 MP: 53/53
101731 | Tomb:2   | Noticed a greater mummy
101732 | Tomb:2   | Noticed a greater mummy
101732 | Tomb:2   | Noticed Mara
101737 | Tomb:2   | Killed from afar by a mummy priest

Vault maps used:
D:1:      denvon_arrival_planthouse
D:2:      grunt_decor_clamped, uniq_robin, uniq_natasha
D:3:      gammafunk_temple_overflow_claw, lemuel_old_faithful
D:4:      lemuel_temple_firewalk_marked, first_bread, uniq_sigmund
D:5:      uniq_prince_ribbit1, uniq_duvessa
D:6:      serial_shops, shop, nicolae_shop_crystal, nicolae_shop_waterfront
D:7:      serial_shops, kennysheep_little_box, nicolae_shop_stone, shop,
          nicolae_shop_overgrown_old_shop, shop, sigmund_army
D:8:      minitemple, david_nohive_1, minmay_door_square
D:9:      basic_altar, xom_redecorated
D:10:     zombieorc1_lemuel, enter_bailey_2
D:11:     lair_0_dummy
D:12:     minmay_misc_feat_encased
D:13:     grunt_vaults_entry_fortified, uniq_snorg
D:14:     serial_undead, serial_undead_b, serial_undead_b, serial_undead_d,
          serial_undead_b, grunt_dithmenos_shadows, uniq_urug
D:15:     hangedman_depths_entry_try_elsewhere_first
Temple:   minmay_temple_curvy_14
Lair:1:   grunt_megastairs_2
Lair:2:   lab_entry_generic, st_stairs_13, wad_woods_road_05
Lair:3:   small_statue_intersection
Lair:4:   dummy_snake_entry, serial_bayou_shore_b, grunt_megastairs_1,
          serial_bayou_shore_b
Lair:5:   boulder_quad_collide, minmay_shoals_entry_hut,
          cheibrodos_lair_caveside_slide
Lair:6:   lemuel_slime
Lair:7:   gammafunk_lair_enchanted_lake, dpeg_slime_entry_enclosed_altar,
          grunt_megastairs_3
Lair:8:   due_jungle_book
Shoals:1: dpeg_stationary_puzzle
Shoals:2: uniq_jorgrun, uniq_roxanne, uniq_aizul
Shoals:3: serial_shops, nicolae_shop_trees
Shoals:4: shoals_end_simple, shoals_ilsuiw_alternative
Snake:1:  basic_altar, uniq_josephine
Snake:2:  minmay_snake_pond, uniq_vashnia
Snake:4:  snake_pit, uniq_agnes
Orc:2:    st_orc_mages, mines3_lemuel
Elf:1:    eino_elf_arrival_altar, hangedman_elf_disciples, uniq_frances
Elf:2:    nicolae_trove_entry_crystal
Elf:3:    minmay_elf_hall_spiked, columned_hall_lemuel, uniq_louise
Vaults:1: ontoclasm_vaults_tryst, nicolae_vaults_asterisk, v_misc_32,
          hangedman_vaults_stitches, ontoclasm_vaults_bender,
          grunt_vaults_focal, v_misc_19, vaults_room_hallway,
          nicolae_vaults_display_case, vaults_room_mumra_shop_pool,
          vaults_room_hallway, nicolae_vaults_mini_display_case,
          nicolae_vaults_big_ls, v_alt_pattern_5, v_misc_5,
          ontoclasm_vaults_fault, serial_shops, nicolae_shop_behind_doors,
          uniq_nikola, uniq_norris
Vaults:2: nicolae_vaults_little_squares_4, vaults_mumra_minichess, v_rooms_1,
          v_misc_2, nicolae_vaults_network_quinsquares, vaults_room_semicircle,
          nicolae_vaults_statue_guard, ontoclasm_vaults_eye, uniq_xtahua
Vaults:3: minmay_crypt_entry_simple_plaza, nicolae_vaults_little_squares_2,
          v_misc_3, nicolae_vaults_little_squares_2,
          nicolae_vaults_ring_of_whatevers, serial_shops, shop
Vaults:4: nicolae_vaults_network_star, hangedman_vaults_maws,
          ontoclasm_vaults_spin, vaults_mumra_hex, st_diamondy,
          ontoclasm_vaults_decontamination, vaults_dpeg_diagonal,
          grunt_vaults_trifunnel, v_misc_27, hangedman_vaults_impose,
          grunt_vaults_hallway_long, serial_shops, shop
Vaults:5: uniq_wiglaf
Crypt:1:  grunt_ministairs_6
Crypt:2:  minivault_19
Crypt:3:  evilmike_haunted_forest
Tomb:1:   uniq_mennas
Tomb:2:   uniq_boris, uniq_mara
Depths:1: kennysheep_minor_cross, pf_coc_iceberg, serial_co_window_serial,
          co_window_corner_a, co_window_paths_a, co_window_paths_a,
          co_window_of_opportunity_a, co_window_paths_b, co_window_2corner,
          co_window_2corner, co_window_2corner, co_window_unsneaky_path_c,
          co_window_2corner, glass_columns_c, glass_columns_a, glass_columns_a,
          rand_demon_pan_entry_7, serial_bayou_shore_b,
          infiniplex_staircase_pool_lava, firewood_loft, serial_bayou_shore_b
Depths:2: abrahamwl_protected_by_tso_3, grunt_mini_vestibule,
          kennysheep_generic_room_4
Depths:3: kennysheep_four_of_diamonds, enter_ziggurat_c, rand_demon_pan_entry_1,
          grunt_hell_entry_dis_grunt, abyss_entry_small_statue_room,
          kennysheep_another_room, uniq_sojobo, uniq_jory, uniq_boris
Depths:4: grunt_crosshair, abyss_entry, pf_hell_entry_tar_spiral,
          infiniplex_staircase_pool_2
Lab:      nicolae_lab_grate, nicolae_lab_do_over, nicolae_lab_hexagon,
          labyrinth_skeletal_remains, lab_fountain

Skill      XL: |  1  2  3  4  5  6  7  8  9 10 11 12 13 14 15 16 17 18 19 20 21 22 23 24 25 |
---------------+----------------------------------------------------------------------------+-----
Conjurations   | 2 3 4 5 6 7 8 9 10 11 12 13 14 15 16 17 18 19 20 | 20.9
Spellcasting   | 4 5 6 7 8 9 10 11 13 14 15 16 17 18 19 20 21 22 23 24 | 24.6
Fire Magic     | 4 5 6 8 9 10 11 12 13 14 15 16 17 18 19 20 | 20.6
Shields        | 1 2 3 4 5 6 7 8 9 10 | 10.0
Short Blades   | 1 2 3 4 5 6 7 8 9 10 | 10.0
Armour         | 1 2 3 4 5 6 7 8 9 10 | 10.2
Fighting       | 1 2 3 4 5 6 7 8 9 10 11 12 | 12.7
Dodging        | 3 4 5 6 7 8 9 10 | 10.0
Evocations     | 1 2 3 4 5 6 7 8 9 10 | 10.0
Air Magic      | 1 2 3 4 5 6 7 8 10 11 12 13 14 15 16 17 18 | 18.6
Earth Magic    | 6 8 11 12 | 12.9
Stealth        | |  2.4

Action                   |  1- 3 |  4- 6 |  7- 9 | 10-12 | 13-15 | 16-18 | 19-21 | 22-24 | 25-27 || total
-------------------------+-------+-------+-------+-------+-------+-------+-------+-------+-------++-------
Melee: Unarmed           |     2 |       |       |       |       |       |       |       |       ||     2
       Dagger            |    12 |     9 |    33 |   220 |   513 |   230 |   196 |   106 |    42 ||  1361
       Headbutt          |       |       |       |    21 |   119 |     7 |       |       |       ||   147
       Staff             |       |       |       |       |       |     5 |       |       |       ||     5
       Peck              |       |       |       |       |       |       |    19 |    30 |    13 ||    62
 Cast: Flame Tongue      |    52 |    88 |   191 |   414 |   262 |    85 |   101 |    42 |     3 ||  1238
       Throw Flame       |    14 |    28 |    41 |    82 |    51 |    58 |    11 |     5 |     2 ||   292
       Conjure Flame     |     2 |     4 |     7 |    10 |     8 |     2 |     9 |     6 |       ||    48
       Inner Flame       |       |     3 |     6 |     1 |     2 |       |     7 |       |       ||    19
       Sticky Flame      |       |     1 |    13 |    60 |    72 |    53 |    50 |    36 |    16 ||   301
       Lightning Bolt    |       |       |     2 |    32 |       |     5 |       |       |     1 ||    40
       Fireball          |       |       |     1 |     9 |    29 |    29 |    37 |    21 |     3 ||   129
       Bolt of Fire      |       |       |       |    61 |   257 |   375 |   389 |   631 |   152 ||  1865
       Swiftness         |       |       |       |     2 |     1 |     4 |       |     1 |       ||     8
       Repel Missiles    |       |       |       |     1 |       |     4 |     4 |     2 |       ||    11
       Bolt of Cold      |       |       |       |       |    11 |    23 |    17 |    97 |     7 ||   155
       Bolt of Magma     |       |       |       |       |       |    50 |   116 |   195 |    33 ||   394
       Delayed Fireball  |       |       |       |       |       |     4 |     1 |     1 |       ||     6
       Fire Storm        |       |       |       |       |       |       |       |    13 |     5 ||    18
       Tornado           |       |       |       |       |       |       |       |       |     5 ||     5
       Ring of Flames    |       |       |       |       |       |       |       |       |     4 ||     4
 Abil: Release Delayed F |       |       |       |       |       |     3 |     1 |     1 |       ||     5
       Evoke Invisibilit |       |       |       |       |       |     1 |       |       |       ||     1
       Evoke Flight      |       |       |       |       |       |     1 |       |       |       ||     1
       Blink             |       |       |       |       |       |       |       |     6 |     1 ||     7
Evoke: Wand              |       |       |       |       |       |     1 |     6 |       |       ||     7
  Use: Scroll            |       |     2 |    27 |    20 |     6 |    13 |     8 |    16 |     6 ||    98
       Potion            |       |       |     3 |     9 |     1 |    17 |     4 |     3 |     3 ||    40
 Stab: Sleeping          |       |       |     2 |     5 |    10 |       |       |       |       ||    17
  Eat: Chunk             |     2 |    10 |     8 |    66 |    55 |    40 |    79 |    19 |     1 ||   280
       Beef jerky        |       |     1 |     1 |       |     4 |     1 |     2 |     3 |     1 ||    13
       Meat ration       |       |       |     1 |     1 |     2 |     8 |     3 |     8 |     2 ||    25
       Fruit             |       |       |     2 |     2 |     4 |       |       |     7 |     4 ||    19
       Royal jelly       |       |       |       |     7 |     1 |       |       |     1 |       ||     9
       Pizza             |       |       |       |       |     2 |     3 |       |       |     1 ||     6
       Bread ration      |       |       |       |       |       |       |       |     2 |       ||     2
Armor: Robe              |     7 |     3 |    19 |   143 |    59 |    83 |    11 |       |     3 ||   328
       Leather armour    |       |       |       |       |    20 |       |    27 |       |       ||    47
       Mottled dragon ar |       |       |       |       |       |       |    27 |   110 |    39 ||   176
Dodge: Dodged            |    22 |    34 |    64 |   365 |   243 |   247 |   151 |   186 |    83 ||  1395
       Deflected         |       |       |       |     1 |       |    18 |    24 |    11 |     5 ||    59
Block: Buckler           |       |       |    13 |   183 |   144 |   186 |   121 |   323 |   107 ||  1077
       Reflection        |       |       |       |       |       |       |       |    15 |    23 ||    38
